Map: Habitation Station LE (Void)

Players

Amix - Winner!

  • Race: Zerg Zerg
  • League: Platinum
  • Spawn Location: 1:00

Bierbauch

  • Race: Protoss Protoss
  • Spawn Location: 11:00

VOD

Have the link to the VOD?

Description

Time

  • Played on: Dec. 17, 2016, 2:25 a.m.
  • Length: 7:22
Show
View Real Time Build Order
Export as new Build Order

Amix Zerg - Winner!

Build Orders: Pool First 

Get SALT Encoding   

  12  0:01  Drone  
  13  0:09  Drone  
  14  0:17  Overlord  
  14  0:26  Drone, Extractor  
  15  0:37  Drone x2  
  15  0:40  Extractor  
  16  0:44  Drone  
  17  0:54  Spawning Pool  
  17  0:55  Drone  
  17  1:20  Hatchery  
  17  1:25  Drone  
  17  1:28  Drone  
  18  1:33  Drone  
  18  1:38  Drone  
  20  1:45  Metabolic Boost  
  20  1:56  Queen  
  22  2:02  Overlord  
  22  2:10  Drone, Evolution Chamber  
  22  2:27  Drone x2, Baneling Nest  
  23  2:33  Queen  
  25  2:41  Zergling x4  
  27  2:46  Zerg Melee Weapons Level 1  
  27  2:50  Zergling x2  
  28  2:55  Zergling x4  
  30  3:01  Overlord  
  30  3:05  Zergling x2  
  31  3:14  Zergling x6  
  31  3:15  Zergling x2  
  31  3:18  Zergling x2  
  36  3:25  Zergling x2  
  37  3:37  Zergling x2  
  37  3:38  Zergling x4  
  37  3:40  Zergling x4  
  37  3:41  Zergling x2  
  43  3:46  Zergling x2  
  44  3:49  Overlord  
  44  3:53  Overlord  
  33  4:44  Zergling x10  
  33  4:45  Zergling x12  
  40  5:02  Zergling x6  
  43  5:08  Baneling x5  
  43  5:09  Baneling x5  
  43  5:28  Baneling x7  
  43  5:29  Baneling  
  43  5:33  Baneling  
  43  5:38  Zergling x14  
  43  5:39  Zergling x8  
  41  6:08  Zergling x22  
  31  6:57  Zergling x2  
  31  6:58  Zergling x18  
Show
View Real Time Build Order
Export as new Build Order

Bierbauch Protoss 

Build Orders:  

Get SALT Encoding   

  12  0:03  Probe (Chrono Boost)  
  14  0:14  Probe (Chrono Boost)  
  14  0:18  Pylon  
  14  0:26  Probe (Chrono Boost)  
  15  0:36  Probe (Chrono Boost)  
  15  0:38  Assimilator  
  16  0:45  Gateway  
  16  0:49  Probe (Chrono Boost)  
  17  0:59  Probe (Chrono Boost)  
  18  1:09  Pylon  
  18  1:10  Probe (Chrono Boost)  
  19  1:20  Probe (Chrono Boost)  
  19  1:22  Assimilator  
  20  1:31  Probe (Chrono Boost)  
  20  1:34  Cybernetics Core  
  20  1:35  Zealot  
  22  1:41  Probe (Chrono Boost)  
  23  1:52  Probe (Chrono Boost)  
  24  2:11  Warp Gate  
  24  2:12  Gateway  
  24  2:16  Stalker, Gateway  
  26  2:23  Pylon  
  26  2:33  Probe (Chrono Boost)  
  27  2:44  Probe (Chrono Boost)  
  28  2:45  Gateway  
  28  2:54  Stalker  
  28  2:57  Mothership Core (Chrono Boost)  
  32  3:38  Stalker  
  34  3:53  Gateway  
  34  3:57  Pylon  
  34  3:58  Pylon  
  18  4:40  Adept x3  
  24  5:09  Pylon  
  25  5:14  Probe (Chrono Boost)  
  25  5:25  Probe (Chrono Boost)  
  26  5:28  Adept x2  
  26  5:29  Adept x2  
  26  5:35  Probe (Chrono Boost)  
  35  5:45  Sentry  
  35  5:46  Probe (Chrono Boost)  
  38  5:53  Adept x3  
  38  5:56  Probe (Chrono Boost)  
  33  6:12  Pylon  
  33  6:15  Pylon  
  33  6:17  Adept x4  
  33  6:49  Adept x4  
Tags
 
Add a new tag
Caveats
  • Supply blocks, unpowered buildings, or Contaminate may cause inaccurate times.
  • Supply counts are checked every 10 seconds.